 Dungeon Crawl Stone Soup version 0.19-a0-1891-ge1d1fe8 (webtiles) character file.

756 Naow the Chopper (level 8, 0/62 HPs)
             Began as a Formicid Fighter on Oct 18, 2016.
             Slain by Prince Ribbit (6 damage)
             ... on level 5 of the Dungeon.
             The game lasted 00:05:38 (4270 turns).

Naow the Chopper (Formicid Fighter)                 Turns: 4270, Time: 00:05:38

Health: 0/62       AC:  9    Str: 23    XL:     8   Next: 7%
Magic:  8/8        EV:  8    Int:  8    God:
Gold:   277        SH: 10    Dex: 10    Spells: 0 memorised, 7 levels left

rFire  . . .     SeeInvis +     a - +0 war axe
rCold  . . .     Gourm    .     b - +0 scale mail
rNeg   . . .     Faith    .     c - +0 shield
rPois  .         Spirit   .     (helmet unavailable)
rElec  .         Reflect  .     n - +0 cloak
rCorr  .         Harm     .     h - +0 pair of gloves (curse)
MR     .....                    (no boots)
Stlth  ..........               z - amulet of magic regeneration
                                y - ring of see invisible
                                s - ring of loudness (curse)

@: no status effects
A: permanent stasis, dig shafts and tunnels, four strong arms, antennae 3
a: Dig, Shaft Self


You were on level 5 of the Dungeon.
You were not hungry.

You visited 1 branch of the dungeon, and saw 5 of its levels.

You collected 277 gold pieces.

Inventory:

Hand Weapons
 a - a +0 war axe (weapon)
Armour
 b - a +0 scale mail (worn)
 c - a +0 shield (worn)
 h - a cursed +0 pair of gloves (worn)
 n - a +0 cloak (worn)
Jewellery
 s - a cursed ring of loudness (left hand)
 w - an uncursed ring of flight
 y - a ring of see invisible (right hand)
 z - an amulet of magic regeneration (around neck)
 A - a cursed amulet of inaccuracy {unknown}
Wands
 t - a wand of digging (15/24)
Scrolls
 e - 2 scrolls of identify {unknown}
 j - 4 scrolls of recharging {unknown}
 k - 4 scrolls of magic mapping {unknown}
 l - a scroll of fear {unknown}
 p - a scroll of enchant armour {unknown}
 q - 2 scrolls of random uselessness {unknown}
 r - 2 scrolls of remove curse {unknown}
 v - a scroll of amnesia {unknown}
 B - a scroll of enchant weapon {unknown}
Potions
 m - a potion of brilliance
Comestibles
 d - 10 chunks of flesh
 f - 5 bread rations
 g - a royal jelly
 i - 3 beef jerkies
 o - 2 fruits
 u - 2 meat rations


   Skills:
 + Level 5.2 Fighting
 * Level 5.6 Axes
 + Level 5.2 Armour
 + Level 5.6 Shields


You had 7 spell levels left.
You didn't know any spells.

Dungeon Overview and Level Annotations

Branches:
Dungeon (5/15)
 Temple: D:4-7

Altars:
Makhleb
Nemelex Xobeh
Sif Muna
Vehumet
Yredelemnul
The Shining One

Annotations:
D:5 Prince Ribbit


Innate Abilities, Weirdness & Mutations

You are under a permanent stasis effect.
You can dig through walls and to a lower floor.
Your four strong arms can wield two-handed weapons with a shield.
You have a pair of large antennae on your head. (SInv)


Message History

Prince Ribbit is severely wounded.
Prince Ribbit hits you but does no damage.
You miss Prince Ribbit.
Prince Ribbit is severely wounded.
Prince Ribbit blinks!
You block Prince Ribbit's attack.
You closely miss Prince Ribbit.
Prince Ribbit is severely wounded.
Prince Ribbit hits you!
* * * LOW HITPOINT WARNING * * *
You barely miss Prince Ribbit.
Prince Ribbit is severely wounded.
You block Prince Ribbit's attack.
Prince Ribbit croaks regally.
Prince Ribbit hits you.
* * * LOW HITPOINT WARNING * * *
You closely miss Prince Ribbit.
Prince Ribbit is severely wounded.
Prince Ribbit hits you.
You die...

#...##...## #
#........... #
#........... #
#.......... #
#...##...# #
#...##...############
#........#..........รท
#..F.....#...........
#...@....#...........
#........#...........
#...##...#...........
#...##...#....>......
#....+...'...........
#...######......#####
#...#...........#
#####...........#
#...........#


You could see Prince Ribbit.

Vanquished Creatures
  Grinder (D:4)
  A scorpion (D:4)
  A howler monkey (D:5)
  3 crimson imps
  Crazy Yiuf (D:4)
  2 hounds
  2 iguanas (D:4)
  3 worker ants
  A worker ant zombie (D:5)
  A howler monkey zombie (D:3)
  6 adders
  An adder skeleton (D:4)
  2 dart slugs (D:2)
  4 leopard geckos
  3 orcs (D:4)
  5 giant cockroaches
  7 goblins
  11 hobgoblins
  4 jackals (D:5)
  6 kobolds
  3 quokkas
  2 bats (D:2)
  A frilled lizard (D:1)
  A quokka zombie (D:5)
  4 rats
76 creatures vanquished.

Notes
Turn   | Place    | Note
-------+----------+-------------------------------------------
     0 | D:1      | Naow the Formicid Fighter began the quest for the Orb.
     0 | D:1      | Reached XP level 1. HP: 18/18 MP: 1/1
   303 | D:1      | Reached XP level 2. HP: 24/24 MP: 2/2
   893 | D:2      | Reached XP level 3. HP: 30/30 MP: 3/3
   970 | D:2      | Reached XP level 4. HP: 7/37 MP: 4/4
  1471 | D:2      | Found a glowing golden altar of the Shining One.
  1692 | D:3      | Found a deep blue altar of Sif Muna.
  1791 | D:3      | Reached XP level 5. HP: 35/42 MP: 5/5
  2714 | D:4      | Reached XP level 6. HP: 48/48 MP: 6/6
  2851 | D:4      | Noticed Grinder
  2895 | D:4      | Killed Grinder
  2895 | D:4      | Reached skill level 5 in Shields
  2895 | D:4      | Reached XP level 7. HP: 15/55 MP: 7/7
  3076 | D:4      | Reached skill level 5 in Axes
  3326 | D:4      | Found a sparkling altar of Nemelex Xobeh.
  3328 | D:4      | Found a radiant altar of Vehumet.
  3328 | D:4      | Found a basalt altar of Yredelemnul.
  3471 | D:4      | Found a runed door.
  3852 | D:4      | Found a burning altar of Makhleb.
  3854 | D:4      | Noticed an Executioner
  3963 | D:4      | Noticed Crazy Yiuf
  3972 | D:4      | Killed Crazy Yiuf
  3972 | D:4      | Reached skill level 5 in Armour
  4011 | D:5      | Entered Level 5 of the Dungeon
  4017 | D:5      | Reached skill level 5 in Fighting
  4202 | D:5      | Reached XP level 8. HP: 55/62 MP: 8/8
  4249 | D:5      | Noticed Prince Ribbit
  4270 | D:5      | Slain by Prince Ribbit

Vault maps used:
D:1:      sevenhm_arrival_forest_fort_large_2
D:2:      tso_altar, minmay_tall_x
D:3:      led_sif_pool
D:4:      makhleb_altar_promises_db, gammafunk_temple_overflow_forgotten,
          uniq_crazy_yiuf_cottage, uniq_grinder
D:5:      marbit_many_paths, first_bread, uniq_prince_ribbit1

Skill      XL: |  1  2  3  4  5  6  7 |
---------------+----------------------+-----
Axes           | 3 4 5 |  5.6
Fighting       | 4 5 |  5.2
Armour         | 4 5 |  5.2
Shields        | 4 5 |  5.6

Action                   |  1- 3 |  4- 6 |  7- 9 || total
-------------------------+-------+-------+-------++-------
Melee: War axe           |    71 |   124 |   120 ||   315
  Use: Potion            |     1 |     6 |     1 ||     8
  Eat: Chunk             |       |     6 |     5 ||    11
Armor: Scale mail        |    21 |    41 |    46 ||   108
Dodge: Dodged            |    20 |    28 |    23 ||    71
Block: Shield            |    41 |    61 |    63 ||   165
